 Dungeon Crawl Stone Soup version 0.29-a0-322-g68df515428 (webtiles) character file.

Game seed: 12997594639055996805

942 zishaf the Shooter (level 8, -2/62 HPs)
             Began as a Human Hunter on Apr 6, 2022.
             Was a Follower of Cheibriados.
             Slain by a kobold
             ... wielding a +0 dagger
              (3 damage)
             ... on level 6 of the Dungeon.
             The game lasted 00:06:45 (5849 turns).

zishaf the Shooter (Human Hunter)                   Turns: 5849, Time: 00:06:46

Health: -2/62      AC:  3    Str: 13    XL:     8   Next: 34%
Magic:  10/10      EV: 12    Int: 12    God:    Cheibriados [*.....]
Gold:   244        SH:  0    Dex: 21    Spells: 7/7 levels left

rFire   . . .      SeeInvis .   b - +2 dagger (elec)
rCold   + . .      Faith    .   (no shield)
rNeg    . . .      Spirit   .   w - +0 leather armour {rC+}
rPois   .          Reflect  .   (no helmet)
rElec   .          Harm     .   (no cloak)
rCorr   .          Rampage  .   (no gloves)
Will    .....                   (no boots)
Stlth   ++........              (no amulet)
HPRegen 0.20/turn               (no ring)
MPRegen 0.12/turn               (no ring)

@: very slow
A: no striking features
a: Renounce Religion, Bend Time


You were on level 6 of the Dungeon.
You worshipped Cheibriados.
Cheibriados was aware of your devotion.
You visited 2 branches of the dungeon, and saw 7 of its levels.

You collected 244 gold pieces.

Inventory:

Hand Weapons
 a - a +1 shortbow
 b - a +2 dagger of electrocution (weapon)
 y - the +7 whip "Dragon's Regret" {holy, *Noise rPois Will+ Dex+5}
   (You found it on level 4 of the Dungeon)

   It has been blessed by the Shining One to cause great damage to the undead
   and demons.
   Dex:       It affects your dexterity (+5).
   rPois:     It protects you from poison.
   *Noise:    It may make noises in combat.
   Will:      It increases your willpower.
Armour
 p - a +0 leather armour
 s - a +1 robe of cold resistance
 w - a +0 leather armour of cold resistance (worn)
Jewellery
 e - a ring of fire
 m - a +4 ring of evasion
Wands
 A - a wand of digging (5)
Scrolls
 c - 4 scrolls of immolation
 f - 2 scrolls of fog
 g - a scroll of torment
 h - 2 scrolls of magic mapping
 n - a scroll of holy word
 q - a scroll of enchant weapon {unknown}
 r - a scroll of teleportation {unknown}
 u - 2 scrolls of noise {unknown}
 v - 2 scrolls of blinking
 x - a scroll of acquirement {unknown}
Potions
 d - 2 potions of haste
 j - 2 potions of resistance
 l - a potion of cancellation
 o - a potion of brilliance
 t - a potion of lignification {unknown}
 z - a potion of mutation {unknown}
 B - 2 potions of might {unknown}


   Skills:
 + Level 5.0 Fighting
 * Level 7.8 Bows
 - Level 2.0 Armour
 - Level 2.0 Dodging
 - Level 1.0 Stealth
 + Level 3.3 Invocations


You had 7 spell levels left.
You didn't know any spells.
Your spell library contained the following spells:

 Spells                   Type           Power      Damage    Failure   Level
 Ozocubu's Armour         Ice            0%         N/A       77%         3
 Ozocubu's Refrigeration  Ice            0%         4d5       100%        7


Dungeon Overview and Level Annotations

Branches:
Dungeon (6/15)             Temple (1/1) D:5

Altars:
Ashenzari
Cheibriados
Elyvilon
Fedhas
Gozag
Hepliaklqana
Makhleb
Nemelex Xobeh
Okawaru
Ru
Sif Muna
Trog
Uskayaw
Vehumet
Wu Jian
Xom
Yredelemnul
Zin
The Shining One


Message History

A kobold comes into view.
It is wielding a +0 dagger of holy wrath.
You shoot an arrow. The arrow misses the kobold brigand.
The arrow closely misses the kobold.
The arrow barely misses the kobold.
The kobold shouts!
You hear the crackle of electricity.
b - a +2 dagger of electrocution (weapon)
You miss the kobold brigand.
The kobold brigand hits you with a +0 short sword!
The kobold hits you but does no damage.
You closely miss the kobold brigand. The kobold brigand barely misses you.
The kobold hits you with a +0 dagger.
You hit the kobold brigand but do no damage.
The kobold brigand hits you with a +0 short sword.
The kobold closely misses you.
You are too injured to fight recklessly!
You are too injured to fight recklessly!
You barely miss the kobold brigand.
The kobold brigand hits you but does no damage.
The kobold hits you with a +0 dagger.
You hit the kobold brigand.
The kobold brigand is lightly wounded.
The kobold brigand hits you with a +0 short sword.
The kobold hits you but does no damage.
You hit the kobold brigand but do no damage.
The kobold brigand is lightly wounded.
The kobold brigand hits you with a +0 short sword.
* * * LOW HITPOINT WARNING * * *
The kobold closely misses you.
You hit the kobold brigand.
The kobold brigand is lightly wounded.
The kobold brigand hits you with a +0 short sword.
* * * LOW HITPOINT WARNING * * *
The kobold hits you with a +0 dagger.
* * * LOW HITPOINT WARNING * * *
You barely miss the kobold brigand.
The kobold brigand is lightly wounded.
The kobold brigand hits you with a +0 short sword!
* * * LOW HITPOINT WARNING * * *
The kobold hits you with a +0 dagger.
You die...

##. .........#
...## #.#####..###
..#...##.#####.....
#.# #..#)##....###.
## ..###......####
##. ..##....### ...
##....#.##
#O##...###.##
#..#@#.###..###
#KKK...##....##
#KK##......#..#
#..K####.#.#)##.###
#)## #....).....#
#. ##......##.# .
#.........## .
#......#...# K.
############


You could see a kobold brigand and 5 kobolds.

Vanquished Creatures
  An ice beast (D:6)
  2 ogres (D:6)
  A kobold brigand (D:6)
  A bullfrog (D:6)
  4 scorpions
  A howler monkey (D:6)
  3 hounds
  A jelly (D:5)
  An iguana (D:3)
  4 adders
  3 ufetubi
  3 worms
  A dart slug (D:2)
  7 orcs
  3 ball pythons
  7 endoplasms
  2 giant cockroaches
  7 goblins
  5 hobgoblins
  9 jackals
  14 kobolds
  3 quokkas
  4 bats
  3 frilled lizards
  7 rats
97 creatures vanquished.

Vanquished Creatures (others)
  A plant (D:3)
1 creature vanquished.

Grand Total: 98 creatures vanquished

Notes
Turn   | Place    | Note
-------+----------+-------------------------------------------
     0 | D:1      | zishaf the Human Hunter began the quest for the Orb.
     0 | D:1      | Reached XP level 1. HP: 16/16 MP: 1/1
   171 | D:1      | Reached XP level 2. HP: 22/22 MP: 2/2
   428 | D:1      | Found a faded altar of an unknown god.
   558 | D:1      | Reached XP level 3. HP: 24/28 MP: 3/3
  1720 | D:2      | Reached XP level 4. HP: 34/34 MP: 4/4
  1909 | D:2      | Reached skill level 5 in Bows
  1996 | D:3      | Found a blossoming altar of Fedhas.
  2352 | D:3      | Reached XP level 5. HP: 38/41 MP: 5/5
  2840 | D:4      | Found a hide-covered altar of Uskayaw.
  2988 | D:4      | Found a broken altar of Ashenzari.
  3262 | D:4      | Reached skill level 6 in Bows
  3367 | D:4      | Reached XP level 6. HP: 47/47 MP: 6/6
  3620 | D:4      | Identified the +7 whip "Dragon's Regret" {holy, *Noise
                  | rPois Will+ Dex+5}
  3847 | D:4      | Found a radiant altar of Vehumet.
  4021 | D:5      | Entered Level 5 of the Dungeon
  4219 | D:5      | Found a staircase to the Ecumenical Temple.
  4227 | Temple   | Entered the Ecumenical Temple
  4232 | Temple   | Became a worshipper of Cheibriados the Contemplative
  4492 | D:5      | Reached skill level 1 in Armour
  4713 | D:5      | Reached skill level 1 in Invocations
  4973 | D:5      | Reached XP level 7. HP: 45/54 MP: 6/8
  5558 | D:6      | Reached skill level 7 in Bows
  5616 | D:6      | Reached * piety under Cheibriados
  5632 | D:6      | Reached XP level 8. HP: 53/61 MP: 6/10
  5835 | D:6      | Reached skill level 5 in Fighting
  5849 | D:6      | HP: 1/62 [kobold brigand/+0 short sword (9)]
  5849 | D:6      | Slain by a kobold

Illustrated notes

Levels and vault maps discovered:
D:1:      psy_arrival_spokes, layout_basic, shapermc_ecumenical_altar_flowoftime
D:2:      layout_loops_ring, minmay_door_square, ebering_dispersal_statue_hall
D:3:      layout_rooms, fedhas_altar_3, kennysheep_crisscross,
          amcnicky_mini_rare_corridor_liquid, serial_bayou_pond_d
D:4:      layout_basic, mainiacjoe_overflow_24_doors,
          mainiacjoe_overflow_catwalk, marbit_many_paths
D:5:      layout_basic, minmay_temple_entry_tees
D:6:      layout_rooms
Temple:   minmay_freezing_vapour_temple

Skill      XL: |  1  2  3  4  5  6  7  8 |
---------------+-------------------------+-----
Bows           | 5 6 7 |  7.8
Fighting       | 3 4 5 |  5.0
Armour         | 1 2 |  2.0
Invocations    | 1 2 3 |  3.3
Dodging        | |  2.0
Stealth        | |  1.0

Action                   |  1- 3 |  4- 6 |  7- 9 || total
-------------------------+-------+-------+-------++-------
Melee: Dagger            |       |    22 |    44 ||    66
       Punch             |       |     1 |       ||     1
 Fire: Shortbow          |    84 |   169 |    31 ||   284
  Use: Scroll            |       |     4 |     4 ||     8
       Potion            |       |     4 |       ||     4
Armor: Leather armour    |     5 |    10 |     7 ||    22
       Robe              |       |    16 |       ||    16
Dodge: Dodged            |    15 |    75 |    32 ||   122

Table legend: (Time is in decaauts)
 A = Elapsed time spent in this place.
 B = Non-inter-level travel time spent in this place.
 C = Inter-level travel time spent in this place.
 D = Time resting spent in this place.
 E = Time spent auto-exploring this place.
 F = Levels seen in this place.
 G = Mean time per level.
                   A        B        C        D        E       F      G
               +--------+--------+--------+--------+--------+-----+--------+
         Total |   6093 |   5811 |    282 |   1065 |   4037 |   7 |  870.4 |
       Dungeon |   5846 |   5564 |    282 |    829 |   4037 |   6 |  974.3 |
        Temple |    246 |    246 |      0 |    236 |      0 |   1 |  246.0 |
               +--------+--------+--------+--------+--------+-----+--------+

Top non-repeatable levels by time:
     D:5: 1306 daAuts
     D:4: 1288 daAuts
     D:1: 1123 daAuts
     D:3: 846 daAuts
     D:2: 824 daAuts
     D:6: 457 daAuts
  Temple: 246 daAuts
